 Dungeon Crawl Stone Soup version 0.29-a0-121-g8efb068a30 (webtiles) character file.

Game seed: 16894422975474658449

603 drugrobin the Poker (level 6, -5/48 HPs)
             Began as a Demigod Warper on Feb 21, 2022.
             Slain by a black bear (8 damage)
             ... on level 5 of the Dungeon.
             The game lasted 00:19:20 (7230 turns).

drugrobin the Poker (Demigod Warper)                Turns: 7230, Time: 00:19:20

Health: -5/48      AC:  4    Str: 20    XL:     6   Next: 97%
Magic:  5/11       EV: 11    Int: 15    God:
Gold:   176        SH:  0    Dex: 13    Spells: 2/8 levels left

rFire   . . .      SeeInvis +   b - +0 hunting sling
rCold   . . .      Faith    .   (no shield)
rNeg    . . .      Spirit   .   x - +0 leather armour
rPois   .          Reflect  .   (no helmet)
rElec   .          Harm     .   (no cloak)
rCorr   .          Rampage  .   (no gloves)
Will    .....                   q - +0 pair of boots
Stlth   +.........              (no amulet)
HPRegen 0.16/turn               o - ring of see invisible
MPRegen 0.12/turn               (no ring)

@: on blink cooldown, very slightly contaminated
A: high MP 1, forlorn, divine attributes
a: no special abilities


You were on level 5 of the Dungeon.
You visited 1 branch of the dungeon, and saw 5 of its levels.

You collected 176 gold pieces.

Inventory:

Hand Weapons
 a - a +0 spear
 b - a +0 hunting sling (weapon)
Missiles
 d - 5 boomerangs of dispersal
 f - 191 stones
 l - 3 boomerangs
 m - 2 javelins
 n - 10 sling bullets (quivered ammo)
Armour
 q - a +0 pair of boots (worn)
 v - the +3 ring mail of Love and Death {Harm rF- rN+ Will++}
   (You found it on level 3 of the Dungeon)

   rF:        It makes you vulnerable to fire.
   rN:        It protects you from negative energy.
   Harm:      It increases damage dealt and taken.
   Will:      It greatly increases your willpower.
 x - a +0 leather armour (worn)
Jewellery
 o - a ring of see invisible (left hand)
Wands
 y - a wand of iceblast (13)
 z - a wand of acid (8)
Scrolls
 c - a scroll of blinking
 e - 2 scrolls of teleportation {unknown}
 h - a scroll of identify
 i - a scroll of torment {unknown}
 j - 3 scrolls of vulnerability {unknown}
 p - a scroll of silence {unknown}
 r - a scroll of magic mapping {unknown}
 s - a scroll of fear {unknown}
 t - a scroll of fog {unknown}
 u - a scroll of noise {unknown}
 w - a scroll of brand weapon {unknown}
Potions
 g - a potion of curing
 k - a potion of brilliance


   Skills:
 - Level 1.7 Fighting
 + Level 7.3 Polearms
 - Level 0.8 Throwing
 - Level 0.8 Armour
 - Level 1.7 Dodging
 - Level 1.7 Spellcasting
 - Level 2.6 Translocations


You had 2 spell levels left.
You knew the following spells:

 Your Spells              Type           Power      Damage    Failure   Level
a - Blink                 Tloc           18%        N/A       14%         2
b - Teleport Other        Tloc           9%         N/A       26%         3
c - Summon Small Mammal   Summ           4%         N/A       26%         1

Your spell library contained the following spells:

 Spells                   Type           Power      Damage    Failure   Level
 Magic Dart               Conj           4%         1d3       26%         1
 Call Imp                 Summ           1%         N/A       38%         2
 Corpse Rot               Necr/Air       2%         N/A       38%         2
 Poisonous Vapours        Pois/Air       2%         N/A       38%         2
 Gell's Gravitas          Tloc           9%         N/A       26%         3
 Lesser Beckoning         Tloc           9%         N/A       26%         3
 Call Canine Familiar     Summ           1%         N/A       63%         3
 Conjure Flame            Conj/Fire      1%         6-21      63%         3
 Dazzling Flash           Conj/Hex       2%         N/A       63%         3
 Ignite Poison            Fire/Tmut/Pois 1%         N/A       63%         3
 Mephitic Cloud           Conj/Pois/Air  1%         N/A       63%         3
 Summon Guardian Golem    Hex/Summ       1%         N/A       63%         3
 Manifold Assault         Tloc           9%         N/A       94%         5
 Sticky Flame             Conj/Fire      1%         2d3       95%         4
 Agony                    Necr           1%         N/A       100%        5
 Silence                  Hex/Air        0%         N/A       100%        5


Dungeon Overview and Level Annotations

Branches:
Dungeon (5/15)
 Temple: D:4-7

Shops:
D:2 (

Annotations:
D:5 Menkaure


Innate Abilities, Weirdness & Mutations

You have an increased reservoir of magic. (+10% MP)
You shall have no god before yourself.
Your divine heritage dramatically boosts your attributes as you level up.


Message History

Press: ? - help, Q - select action, (/) - cycle Shift-Dir - straight line, f/p - black bear
Aim: a black bear (moderately wounded, 64% to hit)
You shoot a sling bullet. The sling bullet hits the black bear!
The black bear is heavily wounded.
Unknown command.
Fire: 12 sling bullets
Press: ? - help, Q - select action, (/) - cycle Shift-Dir - straight line, f/p - black bear
Aim: a black bear (heavily wounded, 64% to hit)
You shoot a sling bullet. The sling bullet hits the black bear.
The black bear is severely wounded.
The black bear goes berserk!
Unknown command.
Casting: Teleport Other (dangerous; 26% risk of failure)
Confirm with . or Enter, or press ? or * to list all spells.
You blink.
Fire: 11 sling bullets
Press: ? - help, Q - select action, (/) - cycle Shift-Dir - straight line, f/p - black bear
Aim: a black bear (translocational energy, severely wounded, berserk, 64% to hit)
You shoot a sling bullet.
The sling bullet barely misses the black bear.
Casting: Blink (safe; 14% risk of failure)
Confirm with . or Enter, or press ? or * to list all spells.
You are still too unstable to blink.
The black bear bites you. The black bear claws you. x2
You feel stable enough to blink again.
Casting: Blink (safe; 14% risk of failure)
Confirm with . or Enter, or press ? or * to list all spells.
You miscast Blink.
You are very lightly contaminated with residual magic.
Nothing appears to happen.
The black bear closely misses you. The black bear misses you.
The black bear claws you. The black bear bites you! The black bear claws you.
The black bear barely misses you.
Casting: Blink (safe; 14% risk of failure)
Confirm with . or Enter, or press ? or * to list all spells.
You blink.
The black bear bites you!
* * * LOW HITPOINT WARNING * * *
The black bear claws you.
* * * LOW HITPOINT WARNING * * *
The black bear closely misses you. The black bear bites you!
You die...

#.##############
#.#..(.(.......#
#.#.##########@#
#.#.# #h#
###.#.# #ยง#
..#.#h# #.#
#.#.#.# #.#
......# #.#
..P...# #.#
.P....# #.#
...P.......# #.#


You could see a black bear (berserk).

Vanquished Creatures
  A sky beast (D:4)
  An ogre (D:4)
  A phantom (D:4)
  A bullfrog zombie (D:5)
  2 hounds (D:4)
  A bullfrog skeleton (D:4)
  An iguana (D:3)
  2 orc wizards
  6 adders
  An adder skeleton (D:4)
  3 worms
  A dart slug (D:2)
  6 orcs (D:3)
  3 bats
  6 endoplasms
  4 giant cockroaches
  6 goblins
  11 hobgoblins
  2 quokkas
  8 ball pythons
  5 frilled lizards
  8 kobolds
  5 rats
85 creatures vanquished.

Vanquished Creatures (others)
  2 plants (D:1)
2 creatures vanquished.

Grand Total: 87 creatures vanquished

Notes
Turn   | Place    | Note
-------+----------+-------------------------------------------
     0 | D:1      | drugrobin the Demigod Warper began the quest for the Orb.
     0 | D:1      | Reached XP level 1. HP: 17/17 MP: 5/5
    75 | D:1      | Reached skill level 2 in Polearms
   345 | D:1      | Reached XP level 2. HP: 24/24 MP: 7/7
   348 | D:1      | Learned a level 2 spell: Blink
   611 | D:1      | Reached skill level 3 in Polearms
  1184 | D:2      | Reached XP level 3. HP: 20/29 MP: 3/8
  1820 | D:2      | Reached skill level 4 in Polearms
  1826 | D:2      | Learned a level 3 spell: Teleport Other
  2129 | D:1      | Reached XP level 4. HP: 34/36 MP: 9/9
  2169 | D:2      | Found Yzykouh's Weapon Shop.
  2423 | D:3      | Learned a level 1 spell: Summon Small Mammal
  2549 | D:3      | Identified the +3 ring mail of Love and Death {Harm rF- rN+
                  | Will++}
  3773 | D:3      | Reached skill level 5 in Polearms
  3773 | D:3      | Reached XP level 5. HP: 31/41 MP: 4/10
  4269 | D:4      | Noticed an ogre
  4288 | D:4      | Noticed a black bear
  5028 | D:4      | Reached skill level 6 in Polearms
  5509 | D:4      | Reached XP level 6. HP: 48/48 MP: 11/11
  6155 | D:5      | Entered Level 5 of the Dungeon
  6200 | D:4      | HP: 1/48 [sky beast (5)]
  6748 | D:4      | Reached skill level 7 in Polearms
  6983 | D:5      | Noticed Menkaure
  7230 | D:5      | Slain by a black bear

Illustrated notes

Levels and vault maps discovered:
D:1:      dpeg_arrival_connections, layout_rooms, serial_bayou_pond_c
D:2:      layout_loops_corners, shapermc_ecumenical_altar_pompeii, serial_shops,
          nicolae_shop_hallway_plus, st_stairs_1
D:3:      layout_basic, mainiacjoe_overflow_concentric_impassable,
          gammafunk_temple_overflow_claw
D:4:      layout_rooms, okawaru_ov_weapons_minmay,
          nicolae_uskayaw_murder_on_the_dancefloor
D:5:      layout_loops_ring, mainiacjoe_overflow_alcove_1,
          makhleb_heckhound_becter, nicolae_hepliaklqana_hazy_memory,
          hangedman_decor_clover_reticule, uniq_prince_ribbit1, uniq_eustachio,
          uniq_menkaure

Skill      XL: |  1  2  3  4  5  6 |
---------------+-------------------+-----
Polearms       | 2 3 4 5 6 7 |  7.3
Fighting       | |  1.7
Throwing       | |  0.8
Armour         | |  0.8
Dodging        | |  1.7
Spellcasting   | |  1.7
Translocations | |  2.6

Action                   |  1- 3 |  4- 6 || total
-------------------------+-------+-------++-------
Melee: Spear             |   202 |   289 ||   491
       Punch             |     7 |     2 ||     9
 Fire: Hunting sling     |       |    56 ||    56
Throw: Stone             |    30 |     2 ||    32
       Javelin           |     3 |     2 ||     5
       Boomerang         |       |     4 ||     4
 Cast: Blink             |     1 |    25 ||    26
       Teleport Other    |       |     3 ||     3
       Summon Small Mamm |       |     4 ||     4
  Use: Potion            |       |     4 ||     4
       Scroll            |       |     3 ||     3
 Stab: Sleeping          |     1 |       ||     1
       Distracted        |       |     1 ||     1
Armor: Leather armour    |    46 |    55 ||   101
Dodge: Dodged            |    61 |   140 ||   201

Table legend: (Time is in decaauts)
 A = Elapsed time spent in this place.
 B = Non-inter-level travel time spent in this place.
 C = Inter-level travel time spent in this place.
 D = Time resting spent in this place.
 E = Time spent auto-exploring this place.
 F = Levels seen in this place.
 G = Mean time per level.
                   A        B        C        D        E       F      G
               +--------+--------+--------+--------+--------+-----+--------+
         Total |   7174 |   6838 |    336 |   2139 |   2824 |   5 | 1434.8 |
       Dungeon |   7174 |   6838 |    336 |   2139 |   2824 |   5 | 1434.8 |
               +--------+--------+--------+--------+--------+-----+--------+

Top non-repeatable levels by time:
     D:4: 2477 daAuts
     D:3: 1905 daAuts
     D:2: 1518 daAuts
     D:1: 1176 daAuts
     D:5: 96 daAuts
